 Dungeon Crawl Stone Soup version 0.20-a0-1023-gc4d110f (webtiles) character file.

1655 AlphabetPasta the Chopper (level 8, -1/62 HPs)
             Began as a Mummy Fighter on Apr 18, 2017.
             Was an Initiate of Makhleb.
             Slain by a big kobold (3 damage)
             ... on level 6 of the Dungeon.
             The game lasted 00:22:11 (5283 turns).

AlphabetPasta the Chopper (Mummy Fighter)           Turns: 5283, Time: 00:22:12

Health: -1/62      AC: 14    Str: 27    XL:     8   Next: 68%
Magic:  9/10       EV:  5    Int:  7    God:    Makhleb [......]
Gold:   325        SH: 10    Dex: 12    Spells: 7/7 levels left

rFire    x . .     SeeInvis .   a - +0 war axe
rCold    + . .     Gourm    .   c - +0 shield
rNeg     + + +     Faith    .   f - +0 plate armour
rPois    ∞         Spirit   .   p - +1 helmet
rElec    .         Reflect  .   (no cloak)
rCorr    .         Harm     .   (no gloves)
MR       +....                  (no boots)
Stlth    ..........             (no amulet)
Regen    0.2/turn               q - +4 ring of strength
MPRegen  0.2/turn               o - +2 ring of strength

@: no status effects
A: no food or potions, fire vulnerability, cold resistance 1, negative energy
resistance 3, torment resistance, unbreathing
a: Renounce Religion


You were on level 6 of the Dungeon.
You worshipped Makhleb.
Makhleb was noncommittal.
You were not hungry.

You visited 2 branches of the dungeon, and saw 7 of its levels.
You also visited: Sewer.

You collected 325 gold pieces.

Inventory:

Hand Weapons
 a - a +0 war axe (weapon)
 s - a +0 morningstar
Missiles
 l - 18 poisoned needles
 r - 4 tomahawks (quivered)
Armour
 b - a +0 scale mail
 c - a +0 shield (worn)
 f - a +0 plate armour (worn)
 p - a +1 helmet (worn)
Jewellery
 m - an uncursed ring of ice
 n - an uncursed ring of flight
 o - a +2 ring of strength (right hand)
 q - a +4 ring of strength (left hand)
Scrolls
 d - 13 scrolls of identify
 e - 3 scrolls of teleportation
 g - 5 scrolls of remove curse
 h - 5 scrolls of enchant weapon
 i - 2 scrolls of recharging
 j - a scroll of fear
 k - 2 scrolls of magic mapping


   Skills:
 + Level 5.0 Fighting
 * Level 5.2 Axes
 + Level 3.3 Throwing
 + Level 4.2 Armour
 + Level 0.8 Dodging
 + Level 4.1 Shields
 + Level 0.8 Invocations
 + Level 2.6 Evocations


You had 7 spell levels left.
You didn't know any spells.

Dungeon Overview and Level Annotations

Branches:
Dungeon (6/15)             Temple (1/1) D:6

Altars:
Ashenzari
Cheibriados
Dithmenos
Elyvilon
Hepliaklqana
Kikubaaqudgha
Makhleb
Nemelex Xobeh
Qazlal
Ru
Sif Muna
Uskayaw
Wu Jian
Xom
Yredelemnul
The Shining One

Annotations:
D:6 Dowan, Duvessa


Innate Abilities, Weirdness & Mutations

You do not eat or drink.
Your flesh is vulnerable to fire.
You are immune to poison.
Your flesh is cold resistant. (rC+)
You are immune to negative energy. (rN+++)
You are immune to unholy pain and torment.
You can survive without breathing.


Message History

The orc wizard is severely wounded.
Your shield and plate armour prevent you from hitting the big kobold.
The orc wizard hits you but does no damage. x2
The big kobold hits you.
* * * LOW HITPOINT WARNING * * *
Unknown command.
You hit the orc wizard.
The orc wizard is almost dead.
You closely miss the big kobold. You block the orc wizard's attack.
The big kobold hits you.
* * * LOW HITPOINT WARNING * * *
The orc wizard gestures at you while chanting.
The magic dart hits you!
* * * LOW HITPOINT WARNING * * *
You hit the orc wizard.
You kill the orc wizard!
Makhleb accepts your kill.
You closely miss the big kobold. You block the big kobold's attack.
The big kobold hits you.
You die...

#.##.8.8.8. #.....⌠.⌠..
##...8.>.8. ####
#.#..⌠.⌠.. ....#
#########.#.8.8.8.
.....##.#...............
......'...(..##..#..#+##
......K.)....+...#......
......)@.....###.#..(...
.....##)#+#.#...........
... ###.#....#...##'## #
##.#.#.#.#.#.#.#.
#.#=#.#.#.#.#.#.#
###.#.#.#.#.#.#.#.
..#.#.#.#.#.#.#.#
###.#.#.#.#.#.#.#. #.
..#.#.#.#.#.#.#.#


You could see a big kobold.

Vanquished Creatures
  The ghost of edsrzf the Covert, a novice GnAs of Okawaru (D:5)
  The ghost of AlphabetPasta the Charmwright, an amateur GnSk of Ashenzari (D:3)
  Edmund (D:6)
  2 ogres
  A big kobold (D:6)
  A scorpion (D:4)
  2 crimson imps
  A howler monkey (D:4)
  A centaur zombie (D:5)
  A centaur skeleton (D:4)
  A hound (D:5)
  2 bullfrog skeletons (D:6)
  4 orc wizards
  Jessica (D:2)
  3 worker ants
  2 hound skeletons
  Robin (D:3)
  3 gnolls (D:6)
  5 adders
  An ooze (D:2)
  An adder skeleton (D:4)
  4 worms
  4 dart slugs
  3 leopard geckos
  13 orcs
  2 giant cockroaches
  18 goblins
  7 hobgoblins
  10 kobolds
  A quokka (D:4)
  3 ball pythons
  7 bats
  7 frilled lizards
  A jackal skeleton (D:5)
  A quokka skeleton (D:5)
  8 rats
125 creatures vanquished.

Vanquished Creatures (others)
  A bat (D:2)
  A kobold (D:6)
  8 toadstools (D:6)
10 creatures vanquished.

Grand Total: 135 creatures vanquished

Notes
Turn   | Place    | Note
-------+----------+-------------------------------------------
     0 | D:1      | AlphabetPasta the Mummy Fighter began the quest for the Orb.
     0 | D:1      | Reached XP level 1. HP: 18/18 MP: 1/1
   207 | D:1      | Reached XP level 2. HP: 24/24 MP: 2/2
   718 | D:2      | Reached XP level 3. HP: 29/29 MP: 3/3
  1048 | D:2      | Noticed Jessica
  1062 | D:2      | Killed Jessica
  1062 | D:2      | Reached XP level 4. HP: 35/35 MP: 4/4
  1080 | D:2      | Reached skill level 1 in Throwing
  1426 | D:3      | Found a glowing drain.
  1455 | Sewer    | Entered a sewer
  1574 | Sewer    | Noticed Purgy
  1863 | D:3      | Noticed AlphabetPasta's ghost (amateur GnSk)
  1893 | D:3      | Killed AlphabetPasta's ghost
  1893 | D:3      | Reached XP level 5. HP: 28/42 MP: 5/5
  2103 | D:3      | Noticed Robin
  2126 | D:2      | Reached XP level 6. HP: 48/48 MP: 6/6
  2149 | D:3      | Killed Robin
  2449 | D:4      | Reached skill level 1 in Evocations
  3025 | D:4      | Reached XP level 7. HP: 54/54 MP: 7/7
  3150 | D:5      | Entered Level 5 of the Dungeon
  3215 | D:5      | Noticed edsrzf's ghost (novice GnAs)
  3271 | D:5      | Killed edsrzf's ghost
  3271 | D:5      | Reached XP level 8. HP: 30/61 MP: 9/9
  4442 | D:6      | Found a shattered altar of Ashenzari.
  4485 | D:6      | Noticed Edmund
  4493 | D:6      | Killed Edmund
  4519 | D:6      | Reached skill level 5 in Fighting
  4519 | D:6      | Reached skill level 5 in Axes
  4543 | D:6      | Found a staircase to the Ecumenical Temple.
  4573 | Temple   | Entered the Ecumenical Temple
  4758 | Temple   | Became a worshipper of Makhleb the Destroyer
  4889 | D:6      | Noticed Duvessa
  4892 | D:6      | Noticed Dowan
  5282 | D:6      | HP: 2/62 [orc wizard/magic dart (6)]
  5283 | D:6      | Slain by a big kobold

Vault maps used:
D:1:      saegor_arrival_miasma, minmay_split_cup_small
D:2:      lemuel_flame_loot_1, uniq_jessica
D:3:      cheibrodos_sewer_entry_bend, first_bread, kennysheep_generic_room_14,
          uniq_robin
D:6:      cheibrodos_fertilizer, evilmike_ruin_ashenzari, minitemple,
          minmay_temple_entry_statues_fountains, uniq_duvessa, uniq_edmund
Temple:   regret_index_temple_waves
Sewer:    kennysheep_door_sewer

Skill      XL: |  1  2  3  4  5  6  7  8 |
---------------+-------------------------+-----
Axes           | 2 3 4 5 |  5.2
Throwing       | 1 2 3 |  3.3
Armour         | 3 4 |  4.2
Shields        | 3 4 |  4.1
Fighting       | 4 5 |  5.0
Evocations     | 1 2 |  2.6
Dodging        | |  0.8
Invocations    | |  0.8

Action                   |  1- 3 |  4- 6 |  7- 9 || total
-------------------------+-------+-------+-------++-------
Melee: War axe           |   127 |   235 |   193 ||   555
Throw: Stone             |       |    17 |       ||    17
  Use: Scroll            |     7 |     6 |     2 ||    15
Armor: Scale mail        |     7 |       |       ||     7
       Plate armour      |   124 |   124 |   159 ||   407
Dodge: Dodged            |    23 |    31 |    37 ||    91
Block: Shield            |    92 |   131 |   112 ||   335
